 Dungeon Crawl Stone Soup version 0.30-a0-989-g0d87f670db (webtiles) character file.

Game seed: 3981279350274157380

20337 Kenran the Grappler (level 12, -12/113 HPs)
             Began as a Minotaur Fighter on Apr 3, 2023.
             Was an Elder of the Shining One.
             Killed from afar by a gargoyle (25 damage)
             ... with a stone arrow
             ... on level 11 of the Dungeon.
             The game lasted 00:28:06 (13351 turns).

Kenran the Grappler (Minotaur Fighter)             Turns: 13351, Time: 00:28:06

Health: -12/113    AC: 20    Str: 23    XL:     12   Next: 44%
Magic:  17/17      EV:  5    Int:  5    God:    the Shining One [****..]
Gold:   748        SH:  9    Dex: 13    Spells: 11/11 levels left

rFire   . . .      SeeInvis .    I - +8 double sword (holy)
rCold   . . .      Faith    .    w - +0 kite shield
rNeg    + + .      Spirit   .    H - +0 plate armour {Will+}
rPois   .          Reflect  .    (helmet restricted)
rElec   .          Rampage  .    (no cloak)
rCorr   .                        (no gloves)
Will    +....                    D - +0 pair of boots Stlth
                                 (no amulet)
HPRegen 0.38/turn                l - +4 ring of protection
MPRegen 0.15/turn                (no ring)

@: lethally poisoned (-12 -> -27), slowed, glowing, very slow
A: horns 2, retaliatory headbutt
a: Renounce Religion, Divine Shield, Cleansing Flame


You were on level 11 of the Dungeon.
You worshipped the Shining One.
The Shining One was greatly pleased with you.
You visited 2 branches of the dungeon, and saw 13 of its levels.
You visited the Abyss 1 time.
You also visited: Sewer.

You collected 748 gold pieces.

Inventory:

Hand Weapons
 I - a +8 double sword of holy wrath (weapon)
Armour
 h - a +3 ring mail
 w - a +0 kite shield (worn)
 D - a +0 pair of boots (worn)
 H - a +0 plate armour of willpower (worn)
Jewellery
 l - a +4 ring of protection (left hand)
 v - a ring of resist corrosion
Wands
 t - a wand of flame (6)
 x - a wand of paralysis (5)
 y - a wand of polymorph (17)
 A - a wand of roots (7)
 C - a wand of mindburst (13)
Scrolls
 a - 3 scrolls of vulnerability {!r}
 b - 3 scrolls of enchant armour
 f - a scroll of amnesia
 g - 2 scrolls of immolation {!r}
 j - a scroll of enchant weapon {unknown}
 k - 3 scrolls of poison {!r}
 n - 2 scrolls of fear
 p - a scroll of torment {unknown}
 q - a scroll of blinking
 B - a scroll of brand weapon {unknown}
Potions
 c - a potion of might
 d - 3 potions of cancellation
 e - 2 potions of curing {@q1}
 i - 3 potions of mutation {!q}
 m - a potion of brilliance {unknown}
 o - 2 potions of magic
 r - a potion of invisibility {unknown}
 s - 8 potions of flight
 u - 3 potions of attraction {!q}
 z - 3 potions of haste
 E - a potion of resistance {unknown}
 F - 2 potions of ambrosia


   Skills:
 - Level 12.4 Fighting
 + Level 8.1 Long Blades
 - Level 10.5 Armour
 - Level 5.0 Shields
 - Level 13.7 Unarmed Combat
 - Level 8.0 Invocations


You had 11 spell levels left.
You didn't know any spells.
Your spell library contained the following spells:

 Spells                   Type           Power      Damage    Failure   Level
 Freeze                   Ice            0%         1d3       100%        1
 Magic Dart               Conj           0%         1d3       100%        1
 Shock                    Conj/Air       0%         1d3       100%        1
 Call Imp                 Summ           0%         N/A       100%        2
 Ensorcelled Hibernation  Hex/Ice        0%         N/A       100%        2
 Passwall                 Tmut/Erth      0%         N/A       100%        2
 Scorch                   Fire           0%         2d5       100%        2
 Dazzling Flash           Conj/Hex       0%         N/A       100%        3
 Frozen Ramparts          Ice            0%         1d1       100%        3
 Hailstorm                Conj/Ice       0%         3d3       100%        3
 Ignite Poison            Fire/Tmut/Pois 0%         N/A       100%        3
 Kindle Blastsparks       Fire/Tloc/Air  0%         2d10      100%        3
 Mephitic Cloud           Conj/Pois/Air  0%         N/A       100%        3
 Spider Form              Tmut/Pois      0%         N/A       100%        3
 Swiftness                Air            0%         N/A       100%        3
 Airstrike                Air            0%         2d(0-16)  100%        4
 Anguish                  Hex/Necr       0%         N/A       100%        4
 Iskenderun's Mystic Bla  Conj/Tloc      0%         2d3       100%        4
 Sticky Flame             Conj/Fire      0%         2d3       100%        4
 Agony                    Necr           0%         N/A       100%        5
 Freezing Cloud           Conj/Ice/Air   0%         6-21      100%        5
 Silence                  Hex/Air        0%         N/A       100%        5
 Starburst                Conj/Fire      0%         6d3       100%        6
 Shatter                  Erth           0%         3d5*      100%        9


Dungeon Overview and Level Annotations

Branches:
Dungeon (12/15)            Temple (1/1) D:7            Lair (0/5) D:11
  Sewer (visited)
    Orc: D:9-12

Altars:
Ashenzari
Cheibriados
Dithmenos
Elyvilon
Gozag
Hepliaklqana
Kikubaaqudgha
Makhleb
Qazlal
Ru
Sif Muna
Trog
Uskayaw
Vehumet
Wu Jian
The Shining One

Shops:
D:8 (

Annotations:
D:6 1 runed translucent door, mfcas's ghost, novice OpCj
D:9 exclusion: door
D:11 Sonja
D:12 Rupert


Innate Abilities, Weirdness & Mutations

You have a pair of horns on your head.
You reflexively headbutt those who attack you in melee.


Message History

Sonja hits you but does no damage. x2
You are poisoned.
You block Sonja's attack.
The gargoyle hits you with a +0 mace of holy wrath.
You are too injured to fight recklessly!
You are too injured to fight recklessly!
You feel sick.
There is a stone staircase leading up, spattered with blood here.
You feel sick. Sonja barely misses you. Sonja hits you but does no damage.
Sonja barely misses you. Sonja hits you but does no damage.
You are more poisoned.
Sonja hits you but does no damage.
You are more poisoned.
Sonja hits you but does no damage.
You are more poisoned.
The gargoyle hurls a stone arrow at you.
The stone arrow misses you.
You climb upwards.
You feel extremely sick.
There is a stone staircase leading down here.
The gargoyle attacks as you move away!
The gargoyle hits you but does no damage.
You feel very sick.
You see here a +0 leather armour.
You feel very sick.
Sonja throws a curare-tipped dart.
The curare-tipped dart hits you.
You are more poisoned.
You have difficulty breathing.
* * * LOW HITPOINT WARNING * * *
You feel yourself slow down.
* * * LOW HITPOINT WARNING * * *
You feel extremely sick.
Sonja casts a spell.
Sonja blinks!
You see here a yak corpse.
* * * LOW HITPOINT WARNING * * *
You feel extremely sick.
The gargoyle hurls a stone arrow at you.
The stone arrow hits you!!
You die...

......o..............#
###........####.####.# #
########l# #.# #.# # #W# ##.# #.#
# ####.# #..# #.# ## #....# #..#
#.# .# ##.#.####.# #.# .##
#.#....#.####.########### ..#
#.#.##.#.@†......##.....## #.###
#...)#.####9.............#
#...#####..)#.# #.([.............
###...###.#)[.###..>.............
..###.....###.....K..............
....###...†...#..................
......###...#####................
.(#.....###...# #.<..............
..###.....###.# ##.............)#


You could see a gargoyle.

Vanquished Creatures
  A boulder beetle (D:10)
  4 centaur warriors
  2 two-headed ogres
  Pikel (D:8)
  A deep elf pyromancer (D:11)
  4 ugly things
  2 manticores (D:11)
  3 cyclopes
  A gargoyle (D:10)
  An orange demon (Abyss:1)
  3 unseen horrors
  Psyche (D:8)
  A freezing wraith (D:10)
  A komodo dragon (D:12)
  A tengu conjurer (D:11)
  A hellwing (Abyss:1)
  4 trolls
  A polar bear (shapeshifter) (D:9)
  A large abomination (Abyss:1)
  5 wraiths
  Eustachio (D:6)
  18 yaks
  A basilisk (D:11)
  7 vampire mosquitoes
  Menkaure (D:7)
  3 acid dragons
  A water moccasin (D:9)
  3 orc warriors
  2 ice beasts
  A black bear (D:7)
  A sky beast (D:8)
  3 ogres (D:5)
  4 centaurs
  2 bullfrogs
  3 kobold brigands
  2 gnoll sergeants
  A scorpion (D:6)
  A small abomination (Abyss:1)
  10 killer bees
  6 howler monkeys
  A hound (D:6)
  3 jellies
  4 orc priests
  3 iguanas
  2 sleepcaps
  2 orc wizards
  A mummy (D:4)
  8 gnolls
  13 adders
  3 river rats (Sewer)
  A shadow imp (D:8)
  6 worms
  3 dart slugs
  24 orcs
  12 bats
  7 endoplasms
  4 giant cockroaches
  4 goblins (D:1)
  7 hobgoblins
  4 jackals (Sewer)
  20 kobolds
  5 quokkas
  11 ball pythons
  8 frilled lizards
  A hobgoblin zombie (D:4)
  3 kobold zombies (D:4)
  10 rats
280 creatures vanquished.

Vanquished Creatures (others)
  7 plants (D:5)
7 creatures vanquished.

Grand Total: 287 creatures vanquished

Notes
Turn   | Place    | Note
-------+----------+-------------------------------------------
     0 | D:1      | Kenran the Minotaur Fighter began the quest for the Orb.
     0 | D:1      | Reached XP level 1. HP: 19/19 MP: 0/0
    98 | D:1      | Found a faded altar of an unknown god.
   130 | D:1      | Reached XP level 2. HP: 27/27 MP: 1/1
   139 | D:1      | Reached skill level 3 in Unarmed Combat
   777 | D:2      | Reached XP level 3. HP: 33/33 MP: 2/2
   819 | D:2      | Reached skill level 4 in Unarmed Combat
  1252 | D:3      | Found a broken altar of Ashenzari.
  1355 | D:3      | Found a stormy altar of Qazlal.
  1453 | D:3      | Reached XP level 4. HP: 39/40 MP: 3/3
  1482 | D:3      | Found a glowing drain.
  1599 | Sewer    | Entered a sewer
  1716 | Sewer    | Reached skill level 5 in Unarmed Combat
  1814 | Sewer    | Reached XP level 5. HP: 30/46 MP: 4/4
  2287 | D:3      | Reached skill level 6 in Unarmed Combat
  2340 | D:3      | Found a glowing golden altar of the Shining One.
  2343 | D:3      | Became a worshipper of the Shining One
  2526 | D:4      | Found a snail-covered altar of Cheibriados.
  2567 | D:4      | Reached XP level 6. HP: 38/52 MP: 5/5
  2799 | D:4      | Reached skill level 7 in Unarmed Combat
  2889 | D:4      | Found an ancient bone altar of Kikubaaqudgha.
  2891 | D:4      | Found a bloodstained altar of Trog.
  2894 | D:4      | Found a hide-covered altar of Uskayaw.
  3008 | D:5      | Entered Level 5 of the Dungeon
  3157 | D:5      | Reached skill level 8 in Unarmed Combat
  3241 | D:5      | Reached XP level 7. HP: 45/59 MP: 6/6
  3337 | D:5      | Reached * piety under the Shining One
  3424 | D:5      | Reached skill level 9 in Unarmed Combat
  3635 | D:5      | Found a shadowy altar of Dithmenos.
  3839 | D:6      | Noticed Eustachio
  3845 | D:6      | Killed Eustachio
  3846 | D:6      | Reached skill level 10 in Unarmed Combat
  3883 | D:6      | Identified the +7 short sword of Noon {freeze, rF+ Int+2
                  | Dex-2}
  3941 | D:6      | Identified the +3 rapier of Raihuduu {heavy, Str+5}
  4169 | D:6      | Found a runed translucent door.
  4170 | D:6      | Noticed mfcas's ghost (novice OpCj)
  4170 | D:6      | Noticed a troll
  4301 | D:6      | Reached skill level 5 in Fighting
  4301 | D:6      | Reached XP level 8. HP: 59/68 MP: 7/7
  5106 | D:7      | Noticed Menkaure
  5111 | D:7      | Killed Menkaure
  5229 | D:7      | Found a staircase to the Ecumenical Temple.
  5339 | D:7      | Reached skill level 1 in Invocations
  5698 | D:7      | Reached skill level 11 in Unarmed Combat
  5865 | D:7      | Found an ornate altar of the Wu Jian Council.
  6072 | Temple   | Entered the Ecumenical Temple
  6171 | D:8      | Noticed Psyche
  6173 | Abyss:1  | Cast into level 1 of the Abyss (Psyche)
  6224 | Abyss:1  | Noticed a hellwing
  6229 | Abyss:1  | Noticed an orange demon
  6234 | Abyss:1  | Killed a hellwing
  6235 | Abyss:1  | Reached XP level 9. HP: 44/78 MP: 9/9
  6243 | Abyss:1  | Killed an orange demon
  6244 | Abyss:1  | Reached skill level 5 in Armour
  6314 | Abyss:1  | Noticed a wretched star
  6373 | D:8      | Escaped the Abyss
  6378 | D:8      | Killed Psyche
  6379 | D:8      | Reached skill level 12 in Unarmed Combat
  6648 | D:8      | Noticed Pikel
  6656 | D:8      | Killed Pikel
  6710 | D:8      | Reached ** piety under the Shining One
  6824 | D:8      | Found Cevoq's Weapon Emporium.
  7148 | D:8      | Found a sacrificial altar of Ru.
  7512 | D:8      | Found a shimmering blue altar of Sif Muna.
  7723 | D:9      | Reached skill level 13 in Unarmed Combat
  8186 | D:9      | Reached XP level 10. HP: 75/88 MP: 11/11
  8266 | D:9      | Found an opulent altar of Gozag.
  8695 | D:9      | Reached skill level 5 in Shields
  8793 | D:9      | Noticed a green ugly thing
  8805 | D:9      | Killed a green ugly thing
  8923 | D:9      | Noticed a centaur warrior
  8923 | D:9      | Noticed a centaur warrior
  8923 | D:9      | Noticed a centaur warrior
  8946 | D:9      | Killed a centaur warrior
  8947 | D:9      | Reached skill level 5 in Invocations
  8951 | D:9      | Killed a centaur warrior
  8952 | D:9      | Reached skill level 10 in Fighting
  8957 | D:9      | Killed a centaur warrior
  9186 | D:9      | Noticed a five-headed hydra
  9186 | D:9      | Noticed an eight-headed hydra
  9303 | D:10     | Entered Level 10 of the Dungeon
  9464 | D:10     | Reached XP level 11. HP: 80/102 MP: 14/14
 10637 | D:11     | Reached *** piety under the Shining One
 10644 | D:11     | Noticed a centaur warrior
 10659 | D:11     | Noticed a boulder beetle
 10662 | D:11     | Killed a centaur warrior
 10663 | D:11     | Reached skill level 10 in Armour
 10670 | D:11     | Noticed a two-headed ogre
 10980 | D:11     | Noticed a cyan ugly thing
 11201 | D:10     | Killed a cyan ugly thing
 11460 | D:10     | Killed a boulder beetle
 11829 | D:11     | Found a staircase to the Lair.
 11866 | D:11     | Killed a two-headed ogre
 11912 | D:11     | Identified the staff of earth "Bainycirr" {Str+5}
 11912 | D:11     | Identified the +0 steam dragon scales of the Okapi {Slay+2}
 11912 | D:11     | Noticed a deep elf pyromancer
 11931 | D:11     | Killed a deep elf pyromancer
 12078 | D:11     | Got the Volume of Terror
 12095 | D:11     | Reached XP level 12. HP: 102/112 MP: 17/17
 12410 | D:12     | Reached skill level 1 in Long Blades
 12659 | D:12     | Noticed a two-headed ogre
 12665 | D:12     | Killed a two-headed ogre
 12666 | D:12     | Reached skill level 5 in Long Blades
 12922 | D:12     | Reached **** piety under the Shining One
 12943 | D:12     | Noticed Sonja
 13344 | D:12     | Noticed Rupert
 13351 | D:11     | Killed from afar by a gargoyle

Illustrated notes

Levels and vault maps discovered:
D:1:      dpeg_arrival_simpleton_c, layout_loops_ring, basic_ecumenical_altar
D:2:      layout_basic
D:3:      layout_rooms, old_standard_altar, mainiacjoe_overflow_tiny_flanked,
          tso_oasis_becter, portal_sewer_entry_b
D:4:      layout_loops_ring, mainiacjoe_overflow_catwalk, minitemple,
          minmay_mini_ossuary
D:5:      layout_cave_pools, nicolae_dithmenos_the_darkroom, dk_noncrumbling_2,
          minmay_lizard_king
D:6:      layout_basic, ebering_ghost_inner_flame, uniq_eustachio
D:7:      layout_layer_cave, pdpol_wu_jian_five_deadly_venoms, temple_hall,
          minmay_misc_feat_enclosed, uniq_menkaure
D:8:      layout_layer_cave, lemuel_blue_sif_altar,
          nicolae_ru_sacrificial_ziggurat, serial_shops, shop, minivault_21,
          serial_bayou_pond_a, uniq_pikel, uniq_psyche
D:9:      minmay_sliced_demisemicircle, layout_loops_ring,
          nicolae_gozag_seed_capital
D:10:     layout_cave_pods, kennysheep_generic_room_7
D:11:     minmay_the_grid_four_pointed_star_mashed
          [minmay_the_grid_triangle_9x9_intruding_spiral,
          minmay_the_grid_triangle_9x9_pentomino_pain,
          minmay_the_grid_triangle_9x9_minimal,
          minmay_the_grid_triangle_9x9_semitri,
          minmay_the_grid_prize_trominoes], layout_rooms
D:12:     wad_guarded_room, layout_basic, orc_0_dummy, gammafunk_ghost_grave,
          uniq_rupert, uniq_sonja
Temple:   nicolae_temple_ecumenical_triangle

Skill      XL: |  1  2  3  4  5  6  7  8  9 10 11 12 |
---------------+-------------------------------------+-----
Unarmed Combat | 3 4 5 6 8 10 11 13 | 13.7
Fighting       | 4 5 6 8 11 12 | 12.4
Armour         | 4 5 7 10 | 10.5
Invocations    | 2 3 6 8 |  8.0
Shields        | 4 5 |  5.0
Long Blades    | 8 |  8.1

Action                     |  1- 3 |  4- 6 |  7- 9 | 10-12 || total
---------------------------+-------+-------+-------+-------++-------
  Melee: Unarmed           |   116 |   156 |   188 |   269 ||   729
         Headbutt          |    15 |    23 |    41 |    93 ||   172
         Double sword      |       |       |       |    76 ||    76
  Evoke: Wand              |       |       |       |     2 ||     2
    Use: Scroll            |     3 |     4 |     3 |     9 ||    19
         Potion            |       |     1 |     4 |     7 ||    12
 Armour: Scale mail        |     9 |       |       |       ||     9
         Ring mail         |    29 |    82 |    69 |   160 ||   340
         Plate armour      |       |       |       |    76 ||    76
  Dodge: Dodged            |    47 |    94 |    56 |   123 ||   320
  Block: Buckler           |    21 |    28 |     2 |       ||    51
         Kite shield       |       |       |    69 |   218 ||   287

Table legend: (Time is in decaauts)
 A = Elapsed time spent in this place.
 B = Non-inter-level travel time spent in this place.
 C = Inter-level travel time spent in this place.
 D = Time resting spent in this place.
 E = Time spent auto-exploring this place.
 F = Levels seen in this place.
 G = Mean time per level.
                   A        B        C        D        E       F      G
               +--------+--------+--------+--------+--------+-----+--------+
         Total |  13529 |  13102 |    427 |   2630 |   7839 |  15 |  901.9 |
       Dungeon |  12554 |  12127 |    427 |   2578 |   7277 |  12 | 1046.2 |
        Temple |      1 |      1 |      0 |      0 |      0 |   1 |    1.0 |
         Abyss |    199 |    199 |      0 |     52 |     41 |   1 |  199.0 |
         Sewer |    773 |    773 |      0 |      0 |    521 |   1 |  773.0 |
               +--------+--------+--------+--------+--------+-----+--------+

Top non-repeatable levels by time:
     D:9: 1846 daAuts
    D:11: 1742 daAuts
    D:10: 1492 daAuts
     D:8: 1363 daAuts
     D:6: 1273 daAuts
     D:7: 1057 daAuts
     D:5: 802 daAuts
   Sewer: 773 daAuts
     D:1: 653 daAuts
     D:4: 651 daAuts
     D:2: 595 daAuts
    D:12: 595 daAuts
     D:3: 481 daAuts
 Abyss:1: 199 daAuts
  Temple: 1 daAuts
